 Dungeon Crawl Stone Soup version 0.28.0-43-g3370ac3207 (webtiles) character file.

Game seed: 9729352848273694146

70 pkoi the Ruffian (level 4, -10/41 HPs)
             Began as a Troll Warper on Mar 23, 2022.
             Killed by divine providence
             ... invoked by an orc priest
              (13 damage)
             ... on level 2 of the Dungeon.
             The game lasted 00:01:53 (777 turns).

pkoi the Ruffian (Troll Warper)                      Turns: 777, Time: 00:01:54

Health: -10/41     AC:  5    Str: 19    XL:     4   Next: 4%
Magic:  4/4        EV:  9    Int: 11    God:
Gold:   23         SH:  0    Dex:  9    Spells: 3/5 levels left

rFire   . . .      SeeInvis .     - Unarmed
rCold   . . .      Faith    .   (no shield)
rNeg    . . .      Spirit   .   a - +0 robe
rPois   .          Reflect  .   (helmet restricted)
rElec   .          Harm     .   e - +0 cloak
rCorr   .          Rampage  .   (gloves unavailable)
Will    .....                   (boots unavailable)
Stlth   +.........              (no amulet)
HPRegen 0.93/turn               (no ring)
MPRegen 0.09/turn               (no ring)

@: no status effects
A: large, unfitting armour, claws 3, regeneration 1, shaggy fur 1, tough skin 1
a: no special abilities


You were on level 2 of the Dungeon.
You visited 1 branch of the dungeon, and saw 2 of its levels.

You collected 23 gold pieces.

Inventory:

Missiles
 c - 5 boomerangs of dispersal (quivered)
Armour
 a - a +0 robe (worn)
 e - a +0 cloak (worn)
Scrolls
 b - a scroll of blinking
 d - a scroll of fog {unknown}


   Skills:
 - Level 1.5 Fighting
 - Level 0.8 Throwing
 - Level 1.9 Dodging
 + Level 4.3 Unarmed Combat
 - Level 1.2 Spellcasting
 - Level 2.1 Translocations


You had 3 spell levels left.
You knew the following spells:

 Your Spells              Type           Power      Damage    Failure   Level
a - Blink                 Tloc           10%        N/A       19%         2

Your spell library contained the following spells:

 Spells                   Type           Power      Damage    Failure   Level
 Gell's Gravitas          Tloc           5%         N/A       36%         3
 Lesser Beckoning         Tloc           5%         N/A       36%         3
 Teleport Other           Tloc           5%         N/A       36%         3
 Manifold Assault         Tloc           5%         N/A       98%         5


Dungeon Overview and Level Annotations

Branches:
Dungeon (2/15)

Altars:


Innate Abilities, Weirdness & Mutations

You are too large for most types of armour.
You have claws for hands.
Your natural rate of healing is unusually fast.
You are covered in fur. (AC +1)
You have tough skin. (AC +1)


Message History

* * * LOW HITPOINT WARNING * * *
You claw the orc!
You kill the orc!
The orc priest hits you but does no damage.
You claw the orc priest!
The orc priest is heavily wounded.
The orc priest hits you but does no damage.
You closely miss the orc priest.
The orc priest is heavily wounded.
You claw the orc priest!
You kill the orc priest!
Your Unarmed Combat skill increases to level 4!
You have reached level 4!
Saving game... please wait.
Welcome back, pkoi the Troll Warper.
Press ? for a list of commands and other information.
You claw the orc!
You kill the orc!
The orc priest hits you with a +0 war axe!
* * * LOW HITPOINT WARNING * * *
Items here: ))) [[ ††.
You closely miss the orc priest.
The orc priest hits you with a +0 war axe.
* * * LOW HITPOINT WARNING * * *
You scratch the orc priest but do no damage.
The orc priest closely misses you.
You barely miss the orc priest. The orc priest closely misses you.
You scratch the orc priest.
The orc priest is lightly wounded.
The orc priest hits you with a +0 war axe.
* * * LOW HITPOINT WARNING * * *
You barely miss the orc priest.
The orc priest is lightly wounded.
The orc priest hits you with a +0 war axe.
* * * LOW HITPOINT WARNING * * *
You barely miss the orc priest.
The orc priest is lightly wounded.
The orc priest calls down the wrath of Beogh upon you.
Beogh smites you!
You die...

.......$.....)####
#...........#
#...o.......#
#........>.>#
#..........##
#..........#
#w########## #o#
#@# #)# #.######
#.....<#
#####..#######
#........#
#.######.# #.# #.#
#.# #.#


You could see a worm and an orc priest.

Vanquished Creatures
  An orc priest (D:2)
  2 dart slugs (D:1)
  3 orcs (D:2)
  2 bats (D:1)
  3 endoplasms
  4 goblins
  3 hobgoblins (D:1)
  3 jackals (D:1)
  4 kobolds (D:1)
  2 quokkas (D:1)
  A ball python (D:1)
  A rat (D:1)
29 creatures vanquished.

Notes
Turn   | Place    | Note
-------+----------+-------------------------------------------
     0 | D:1      | pkoi the Troll Warper began the quest for the Orb.
     0 | D:1      | Reached XP level 1. HP: 19/19 MP: 1/1
    31 | D:1      | Reached XP level 2. HP: 27/27 MP: 2/2
    57 | D:1      | Reached skill level 3 in Unarmed Combat
   205 | D:1      | Learned a level 2 spell: Blink
   344 | D:1      | Reached XP level 3. HP: 31/33 MP: 3/3
   770 | D:2      | Reached skill level 4 in Unarmed Combat
   770 | D:2      | Reached XP level 4. HP: 16/41 MP: 4/4
   776 | D:2      | HP: 2/41 [orc priest/+0 war axe (3)]
   777 | D:2      | Killed from afar by an orc priest

Illustrated notes

Levels and vault maps discovered:
D:1:      amcnicky_arrival_wind_blow, layout_basic
D:2:      layout_basic, hellmonk_ecumenical_altar_leap_of_faith

Skill      XL: |  1  2  3 |
---------------+----------+-----
Unarmed Combat | 3 4 |  4.3
Fighting       | |  1.5
Throwing       | |  0.8
Dodging        | |  1.9
Spellcasting   | |  1.2
Translocations | |  2.1

Action                   |  1- 3 |  4- 6 || total
-------------------------+-------+-------++-------
Melee: Unarmed           |    70 |     7 ||    77
       Punch             |     1 |       ||     1
Armor: Robe              |    19 |       ||    19
Dodge: Dodged            |    22 |     2 ||    24
